Unix NetHack Version 5.0.0-0 post-release - last build May 10 2026 23:12:36 (d1fa5d53e341ca933230fdaa984d921c805b60aa,branch:main).

Game began 2026-05-09 20:04:21, ended 2026-05-11 02:17:21.

IanCurtis, chaotic male elven Wizard

                                        `##**...*#`          --- ---
          ----        -------------------).........        ---.--..|
         --..--        ....|-.........................------.>.....--
        --....---       -..|....#.....--.-----........@.)|..........|
        |...)..)|      --....{........|..|...|....-..)f@.|-........--
        |-...--.|      |..#.....----..|..|%%.-.......fd@.|..|.....--
        -^...||<|      |......).|  |.)|..|----...*...-----.--....--       ----
     .....----|.--     --...--|-|  |..-|-.......................--        |..|
  -.......|   |..--     |...|.|.|-+-...*.-..........------.--...|   ----  |..|
  -. --...|  --...|     +...|()(|.....}[......).....*|...|......-----..|  --.|
      ---.|  |....-------..[|(((|+------.}...........-...|........--...----|.|
        |.| --...).|........|---|..|(..|...................................|.--
        |.| |.....--............|..|((.-.............-----.(.............|....|
        |.| |.........----..|.....+|((.|..--|--...................----...|--.--
        -.| ---...--.|...|..|......-----)}|...|....|---|--.....*..|  |..-- ---
         .|   |...||.|...-..--|.........}.|!).|..|...|...|........|  ----
         --   -----|.|...|................|+%%|..|...|...|..|....--
                   |.|---|................|--------------|.-------
                   ---   --.--..-----------              ---
                          ---

IanCurtis the Thaumaturge  St:14 Dx:17 Co:15 In:20 Wi:16 Ch:9  Chaotic
Dlvl:5  $:347 HP:0(60) Pw:26(114) AC:3  Xp:9 T:11034  Burdened

Latest messages:
 X - 2 blessed unlabeled scrolls.
 y - 19 uncursed unlabeled scrolls.
 p - an uncursed scroll of confuse monster.
 You have a little trouble lifting 5 blessed scrolls of identify.  Continue? [ynq] (q) y
 You have a little trouble lifting k - 5 blessed scrolls of identify.
 Your movements are slowed slightly because of your load.
 What do you want to use or apply? [bcim-or-uwzDMQUYZ or ?*] b
 You put 2 blessed unlabeled scrolls into the sack.
 You put 19 uncursed unlabeled scrolls into the sack.
 You put an uncursed scroll of confuse monster into the sack.
 You put 5 blessed scrolls of identify into the sack.
 What do you want to use or apply? [bcim-or-uwzDMQUYZ or ?*] b
 You have a little trouble removing h - a plain spellbook.
 k - a plain spellbook.
 You hear someone praising Ptah.
 You swap places with your kitten.
 A nearby voice intones:
 "Pilgrim, you enter a sacred place!"
 You have a forbidding feeling...
 The watch captain wields a long sword!
 The watch captain wields a thonged club!
 The watch captain secures the tether on the thonged club.
 The watch captain wields a long sword!
 What do you want to remove? [*] ?
 What do you want to remove? [*] <space>
 Never mind.
 What do you want to take off? [xCG or ?*] ?
 Never mind.
 What do you want to wear? [fj or ?*] j
 The kitten drops a throwing star.
 You finish your dressing maneuver.
 The watch captain swings her long sword.
 The watch captain hits!
 The watch captain swings her long sword.
 The watch captain hits again!
 You are now most skilled in attack spells.
 You feel you could be more dangerous!
 You fail to cast the spell correctly.
 The watch captain swings her long sword.
 The watch captain hits!
 The watch captain swings her long sword.
 The watch captain hits again!
 In what direction? .
 You feel better.
 The watch captain swings her long sword.
 The watch captain hits!
 The watch captain swings her long sword.
 The watch captain hits again!
 You die...
 Do you want your possessions identified? [ynq] (y) q

Inventory:
 Coins    ('$')
  $ - 347 gold pieces
 Amulets  ('"')
  d - an uncursed amulet of ESP
  F - an uncursed amulet of guarding
 Weapons  (')')
  a - the rustproof +0 Magicbane (weapon in right hand)
  I - a cursed -2 silver saber
 Armor    ('[')
  G - a blessed greased +2 orcish helm (being worn)
  j - an uncursed +1 pair of leather gloves (being worn)
  f - an uncursed +0 pair of leather gloves
  x - a blessed +0 pair of speed boots (being worn)
  C - an uncursed greased +0 cloak of magic resistance (being worn)
 Spellbooks  ('+')
  k - an uncursed spellbook of blank paper
  h - a cursed spellbook of blank paper
 Rings    ('=')
  L - an uncursed ring of cold resistance
  O - an uncursed ring of cold resistance
  P - an uncursed ring of conflict
  J - an uncursed ring of free action
  v - an uncursed ring of hunger
  H - an uncursed -1 ring of increase accuracy
  E - an uncursed ring of invisibility
  S - an uncursed ring of searching
  N - an uncursed ring of stealth
  e - an uncursed ring of teleportation
 Wands    ('/')
  U - a wand of cold (0:6)
  M - a wand of cold (0:4)
  Q - a wand of digging (0:5)
  Y - a wand of fire (0:6)
  u - a wand of magic missile named magic missile (0:5)
  s - a wand of polymorph (0:6)
  Z - a wand of sleep (0:8)
  c - a wand of slow monster (0:7)
  i - a wand of slow monster (0:6)
 Tools    ('(')
  b - an uncursed sack containing 12 items
  m - an empty uncursed sack
  o - an uncursed tooled horn
  t - a magic marker (0:21)
  n - a magic marker (0:19)
  D - an uncursed stethoscope
  z - an uncursed tin whistle
  w - an uncursed wet towel
  r - a blessed +0 unicorn horn
 Gems/Stones  ('*')
  T - an uncursed flint stone

Contents of the sack:
  a blessed +1 quarterstaff
  an uncursed +0 cloak of magic resistance
  2 blessed scrolls of blank paper
  19 uncursed scrolls of blank paper
  an uncursed scroll of confuse monster
  5 blessed scrolls of identify
  2 uncursed diluted potions of blindness
  an uncursed diluted potion of extra healing
  an uncursed diluted potion of healing
  a blessed diluted potion of invisibility
  a potion of holy water
  an uncursed potion of water

IanCurtis the Wizard's attributes:

Background:
 You were a Thaumaturge, a level 9 male elven Wizard.
 You were chaotic, on a mission for Anhur
 who was opposed by Ptah (lawful) and Thoth (neutral).
 You were right-handed.
 You were in the Gnomish Mines, on level 5.
 You entered the dungeon 11034 turns ago.
 It was nighttime.
 You had 4042 experience points, 1078 more were needed to attain level 10.

Basics:
 You had 0 out of 60 hit points.
 You had 26 out of 114 energy points (spell power).
 Your armor class was 3.
 Your wallet contained 347 zorkmids.
 Autopickup was off.

Final Characteristics:
 Your strength was 14 (limit:18).
 Your dexterity was 17 (limit:18).
 Your constitution was 15 (limit:16).
 Your intelligence was 20 (limit:20).
 Your wisdom was 16 (limit:20).
 Your charisma was 9 (limit:18).

Final Status:
 You weren't hungry.
 You were burdened; movement was slightly slowed.
 You were wielding a dagger.
 You had basic skill with dagger and could have enhanced that.

Final Attributes:
 You were piously aligned.
 You were magic-protected.
 You were cold resistant.
 You were sleep resistant.
 You were poison resistant.
 You were telepathic.
 You had infravision.
 You were warded.
 You were very fast.
 You were unlucky.
 You are dead.

Miscellaneous:
 You encountered 2 bones levels.
 Total elapsed playing time was 2 hours, 22 minutes and 59 seconds.

Major events:
 Turn
    1: IanCurtis the chaotic male elven Wizard entered the dungeon
  686: entered the Gnomish Mines
  745: attained the rank of Conjurer (level 3)
 2251: attained the rank of Thaumaturge (level 6)
 4794: was bestowed with Magicbane by Anhur
 6508: reached Mine Town
11034: killed by a watch captain

Spells:
 Name                 Level Category     Fail Retention
 force bolt             1   attack         0%   45%-46%
 chain lightning        2   attack         0%   45%-46%
 light                  1   divination     0%   51%-75%
 detect food            2   divination     0%   51%-75%
 detect monsters        1   divination     0%   51%-75%
 wizard lock            2   matter         0%   51%-75%
 finger of death        7   attack        56%   97%-98%
 create familiar        6   clerical     100%  76%-100%
 cure sickness          3   healing       69%  76%-100%
 healing                1   healing        0%  76%-100%
 protection             1   clerical       0%  76%-100%

Skills:
 Fighting Skills
   bare handed combat [Unskilled]
   riding             [Unskilled]
 Weapon Skills
   dagger             [Basic]
   knife              [Unskilled]
   axe                [Unskilled]
   short sword        [Unskilled]
   club               [Unskilled]
   mace               [Unskilled]
   quarterstaff       [Skilled]
   polearms           [Unskilled]
   spear              [Unskilled]
   trident            [Unskilled]
   sling              [Unskilled]
   dart               [Unskilled]
   shuriken           [Unskilled]
 Spellcasting Skills
   attack spells      [Expert]
   healing spells     [Unskilled]
   divination spells  [Unskilled]
   enchantment spells [Basic]
   clerical spells    [Unskilled]
   escape spells      [Unskilled]
   matter spells      [Unskilled]

Voluntary challenges:
 Character rerolling was not enabled.
 You never genocided any monsters.
 You never polymorphed an object.
 You never changed form.
 You used no wishes.
Achievements:
 You entered a shop.
 You entered the Gnomish Mines.
 You attained the rank of Conjurer.
 You attained the rank of Thaumaturge.
 You entered Minetown.
 You entered a temple.

 The Dungeons of Doom: levels 1 to 10
    Level 1:
    Level 2: "vault"
       A general store, a sink.
       Stairs down to The Gnomish Mines.
    Level 3:
       An armor shop, some fountains, a grave.
    Level 4:
       A fountain, a grave.
    Level 5:
       A throne.
    Level 6: "spellbooks by altar"
       Many altars.
    Level 7:
    Level 8:
       A sink.
    Level 9:
       Many fountains.
       Oracle of Delphi.
    Level 10:
 The Gnomish Mines: levels 3 to 10
    Level 3:
    Level 4:
    Level 5: "bones in light shop" <- You were here.
       Many shops, a temple and an altar, a fountain, some graves, some trees.
       Final resting place for
          you, killed by a watch captain,
          Stef75-Val-Hum-Fem-Law, killed by a bat,
          ironrat-Wiz-Hum-Mal-Neu, killed by a gnome lord.
    Level 6:
    Level 7:
    Level 8:
    Level 9: "bones"
       A grave.
       Final resting place for
          Sathar-Hea-Hum-Mal-Neu, killed by a dwarvish spear.
    Level 10:
       A fountain.


Vanquished creatures:
  a watch captain
  3 ghosts
  a vrock
  2 dwarf rulers
  2 tengu
  a leocrotta
  a leather golem
  3 watchmen
  a chameleon
  2 giant beetles
  a quivering blob
  4 wolves
  3 winter wolf cubs
  a mumak
  2 giant spiders
  a horse
  a vampire bat
  a gnome ruler
 an orc mummy
  a dwarf mummy
 an owlbear
  2 gold golems
  a lizard
  a dingo
  a dog
  a jaguar
  2 dwarf leaders
  a blue jelly
  a gray unicorn
  a dust vortex
  4 apes
  a human zombie
  a rope golem
  3 soldier ants
  a fire ant
  3 bugbears
  2 wood nymphs
  2 water nymphs
  4 Uruk-hai
  a rock piercer
  2 rock moles
  2 ponies
  2 yellow lights
  a shrieker
  2 violet fungi
 19 gnome leaders
  5 gnomish wizards
  3 elf zombies
  a paper golem
  a giant ant
  2 floating eyes
 21 dwarves
  a homunculus
 12 hill orcs
  a rothe
  a monkey
  a dwarf zombie
 an iguana
 an acid blob
  5 hobbits
  5 hobgoblins
  3 giant rats
  5 cave spiders
  a yellow mold
  a red mold
 63 gnomes
  2 gnome zombies
  3 geckos
 12 jackals
  a fox
  a kobold
  3 sewer rats
 15 grid bugs
  7 bats
  4 lichens
  2 kobold zombies
  8 newts
287 creatures vanquished.

No species were genocided or became extinct.

Game over:
                       ----------
                      /          \
                     /    REST    \
                    /      IN      \
                   /     PEACE      \
                  /                  \
                  |    IanCurtis     |
                  |      347 Au      |
                  |   killed by a    |
                  |  watch captain   |
                  |                  |
                  |                  |
                  |       2026       |
                 *|     *  *  *      | *
        _________)/\\_//(\/(/\)/\//\/|_)_______

Goodbye IanCurtis the Wizard...

You died in The Gnomish Mines on dungeon level 5 with 16931 points,
and 347 pieces of gold, after 11034 moves.
You were level 9 with a maximum of 60 hit points when you died.

